 Dungeon Crawl Stone Soup version 0.31-a0-978-g1e143483b6 (webtiles) character file.

Game seed: 17742733878597256655

2025 lunkers the Martial Artist (level 9, -10/73 HPs)
             Began as a Meteoran Shapeshifter on Oct 30, 2023.
             Was a Priest of Okawaru.
             Mangled by a wyvern (16 damage)
             ... on level 8 of the Dungeon.
             The game lasted 00:06:07 (3145 turns).

lunkers the Martial Artist (Meteoran Shapeshifter)  Turns: 3145, Time: 00:06:08

Health: -10/73     AC:  6    Str: 17    XL:     9   Next: 75%
Magic:  13/14      EV: 16    Int: 11    God:    Okawaru [***...]
Gold:   365        SH:  0    Dex: 18    Spells: 8/8 levels left

rFire   . .          .
                       - Unarmed
rCold   + . .        (no shield)
rNeg    . . .        e - +0 ring mail
rPois   .            (helmet currently unavailable)
rElec   .            (cloak currently unavailable)
rCorr   .            (gloves currently unavailable)
SInv    .            (boots currently unavailable)
Will    +....        (no amulet)
Stlth   +            (no ring)
HPRegen 0.32/turn    t - ring of protection from cold
MPRegen 0.14/turn

%: no passive effects
@: beast-form, heroic, slowed, glowing, very slow
A: beast (slay +3), sense surroundings 2, otherworldly, glowing, explore regen
a: Begin Untransformation, Renounce Religion, Heroism


You were on level 8 of the Dungeon.
You worshipped Okawaru.
Okawaru was most pleased with you.
You were a hulking beast.
You visited 1 branch of the dungeon, and saw 8 of its levels.

You collected 365 gold pieces.

Inventory:

Armour
 a - a +0 animal skin
 e - a +0 ring mail (worn)
 f - a +0 cloak
Jewellery
 j - a ring of wizardry
 s - an amulet of faith
 t - a ring of protection from cold (right hand)
Talismans
 c - a beast talisman
 d - a flux talisman
 g - a blade talisman
 l - a maw talisman
Wands
 r - a wand of flame (17)
Scrolls
 i - a scroll of fear
 k - a scroll of teleportation {unknown}
 u - 2 scrolls of vulnerability {unknown}
Potions
 b - 2 potions of lignification
 h - a potion of attraction
 m - a potion of curing {unknown}
 n - 2 potions of heal wounds
 o - 2 potions of invisibility
 q - a potion of cancellation {unknown}


   Skills:
 + Level 4.8(9.8) Fighting
 + Level 5.1(10.1) Dodging
 * Level 9.5(14.5) Unarmed Combat
 + Level 5.8 Invocations
 + Level 6.7 Shapeshifting


You had 8 spell levels left.
You didn't know any spells.
Your spell library contained the following spells:

 Spells                   Type           Power      Damage    Failure   Level
 Kiss of Death            Conj/Necr      0%         2d5       52%         1
 Sandblast                Erth           0%         2d4       52%         1
 Blink                    Tloc           0%         N/A       67%         2
 Passwall                 Tmut/Erth      0%         N/A       67%         2
 Scorch                   Fire           0%         2d5       67%         2
 Confusing Touch          Hex            0%         N/A       88%         3
 Dazzling Flash           Conj/Hex       0%         N/A       88%         3
 Stone Arrow              Conj/Erth      0%         3d7       88%         3
 Brom's Barrelling Bould  Conj/Erth      0%         2d3       99%         4
 Dispel Undead            Necr           0%         3d6       99%         4
 Flame Wave               Conj/Fire      0%         2d4       99%         4
 Manifold Assault         Tloc           0%         N/A       99%         4
 Olgreb's Toxic Radiance  Pois           0%         N/A       99%         4
 Agony                    Necr           0%         N/A       100%        5
 Silence                  Hex/Air        0%         N/A       100%        5
 Discord                  Hex            0%         N/A       100%        8
 Ignition                 Fire           0%         3d3       100%        8
 Summon Cactus Giant      Summ           Unusable   N/A       N/A         6

Dungeon Overview and Level Annotations

Branches:
Dungeon (8/15) Zot: 1692   Temple (0/1) D:5
   Lair: D:8-11

Altars:
Elyvilon
Gozag
Okawaru
Ru
Sif Muna
Wu Jian
Yredelemnul
Zin

Shops:
D:4 =   D:6 ([=


Innate Abilities, Weirdness & Mutations

You are a hulking beast.
Your limbs bulge with bestial killing power. (Slay +3)
You passively map the area around you.
You are easily found by Zot.
You glow in the dark.
You regain HP and MP as you explore.


Message History

The wraith closely misses you. The wraith hits you.
You hit the wraith.
The wraith is almost destroyed.
The wraith hits you! The wraith drains your vigour!
You feel as though you will be slow longer.
You punch the wraith!
You destroy the wraith!
Okawaru accepts your kill.
Your Invocations skill increases to level 5!
You punch the two-headed ogre!
The two-headed ogre is moderately wounded.
The two-headed ogre hits you with a +0 giant club!!
* * * LOW HITPOINT WARNING * * *
The two-headed ogre barely misses you.
You closely miss the two-headed ogre.
The two-headed ogre is moderately wounded.
The two-headed ogre closely misses you. The two-headed ogre misses you.
Unknown command.
You pummel the two-headed ogre!!
The two-headed ogre is severely wounded.
You hear an angry hiss.
Unknown command.
You pummel the two-headed ogre!!
You kill the two-headed ogre!
Okawaru is honoured by your kill. The wyvern bites you!
* * * LOW HITPOINT WARNING * * *
Your base Dodging skill increases to level 5!
Your base Unarmed Combat skill increases to level 9!
You punch the wyvern!
The wyvern is heavily wounded.
The wyvern bites you.
* * * LOW HITPOINT WARNING * * *
The wyvern closely misses you.
You closely miss the wyvern.
The wyvern is heavily wounded.
The wyvern bites you.
* * * LOW HITPOINT WARNING * * *
The wyvern bites you!
You die... #.# #.# #≈~~~≈ ###.# #.# ##~~... ~ ....# #.# #.~... ##### #.# #Ko.. #.# #yYY ,,, * #.# #FF

~ * #.# #y# ~ ~~*
#.# #l# * #.# #h#
#.# #.# * #.# #.#
#######.##### #.#
............####.#
#######.###......#
*#.# ######## ..#
####


You could see a hornet, a wyvern, an ice beast, a kobold brigand, 2 bullfrogs, a
killer bee and an orc.

Vanquished Creatures
  A two-headed ogre (D:8)
  A wraith (D:8)
  Menkaure (D:7)
  A water moccasin (D:6)
  An orc warrior (D:7)
  A sky beast (D:7)
  An ice beast (D:7)
  A kobold brigand (D:6)
  2 bullfrogs
  2 scorpions
  3 hounds
  A gnoll bouda (D:8)
  3 sleepcaps
  2 iguanas
  2 orc wizards
  4 gnolls (D:8)
  5 adders
  4 ufetubi
  2 dart slugs
  9 orcs
  6 endoplasms
  5 giant cockroaches
  6 goblins
  4 hobgoblins
  3 jackals (D:2)
  3 quokkas (D:1)
  5 ball pythons
  2 bats (D:2)
  4 frilled lizards
  7 kobolds
  2 rats
94 creatures vanquished.

Notes
Turn   | Place    | Note
-------+----------+-------------------------------------------
     0 | D:1      | lunkers the Meteoran Shapeshifter began the quest for the
                  | Orb.
     0 | D:1      | Reached XP level 1. HP: 16/16 MP: 2/2
    92 | D:1      | Found a faded altar of an unknown god.
   160 | D:1      | Reached skill level 4 in Unarmed Combat
   160 | D:1      | Reached XP level 2. HP: 20/23 MP: 3/3
   386 | D:1      | Reached XP level 3. HP: 28/28 MP: 4/4
   503 | D:1      | Glimpsed the power of Zot.
   699 | D:2      | Reached XP level 4. HP: 27/35 MP: 5/5
   738 | D:2      | Reached skill level 5 in Unarmed Combat
  1108 | D:2      | Glimpsed the power of Zot.
  1127 | D:3      | Found an iron altar of Okawaru.
  1136 | D:3      | Became a worshipper of Warmaster Okawaru
  1157 | D:3      | You fall into a shaft and drop 2 floors!
  1157 | D:5      | Entered Level 5 of the Dungeon
  1199 | D:4      | Found Kaleb's Jewellery Shop.
  1417 | D:4      | Reached skill level 1 in Invocations
  1417 | D:4      | Reached XP level 5. HP: 30/40 MP: 6/6
  1539 | D:4      | Found an ornate altar of the Wu Jian Council.
  1593 | D:4      | Found an opulent altar of Gozag.
  1701 | D:5      | Reached * piety under Okawaru
  1702 | D:5      | Reached skill level 6 in Unarmed Combat
  1702 | D:5      | Reached XP level 6. HP: 14/47 MP: 8/8
  1816 | D:5      | Found a staircase to the Ecumenical Temple.
  1975 | D:6      | Reached skill level 5 in Shapeshifting
  1975 | D:6      | Reached XP level 7. HP: 41/55 MP: 8/10
  2031 | D:6      | Found Pumacsuk's Jewellery Emporium.
  2044 | D:6      | Found Odi Yra's Antique Armour Shoppe.
  2046 | D:6      | Found Cialoum's Antique Weapon Emporium.
  2178 | D:6      | Noticed a water moccasin
  2185 | D:6      | Killed a water moccasin
  2238 | D:6      | Reached ** piety under Okawaru
  2422 | D:7      | Reached skill level 7 in Unarmed Combat
  2442 | D:7      | Reached XP level 8. HP: 22/62 MP: 9/11
  2649 | D:7      | Noticed Menkaure
  2657 | D:7      | Killed Menkaure
  2668 | D:7      | Found a white marble altar of Elyvilon.
  2684 | D:7      | Found a sacrificial altar of Ru.
  2684 | D:7      | Found a basalt altar of Yredelemnul.
  2704 | D:7      | Found a glowing silver altar of Zin.
  2896 | D:7      | Reached skill level 8 in Unarmed Combat
  2978 | D:7      | Found a shimmering blue altar of Sif Muna.
  3021 | D:8      | Gained mutation: You passively map the area around you.
                  | [Meteoran growth]
  3021 | D:8      | Reached XP level 9. HP: 9/71 MP: 13/13
  3123 | D:8      | Noticed a hornet
  3126 | D:8      | Noticed a two-headed ogre
  3140 | D:8      | Reached skill level 5 in Invocations
  3143 | D:8      | Killed a two-headed ogre
  3143 | D:8      | Reached *** piety under Okawaru
  3144 | D:8      | Reached skill level 5 in Dodging
  3144 | D:8      | Reached skill level 9 in Unarmed Combat
  3145 | D:8      | Mangled by a wyvern

Illustrated notes

Levels and vault maps discovered:
D:1:      dpeg_arrival_lava_temple_mockup, layout_basic,
          hellmonk_ecumenical_altar_crossroads,
          hangedman_abyss_or_decor_lesser_grid
D:2:      cheibrodos_old_hovel, layout_basic, minmay_increasing_density
D:3:      layout_basic, mainiacjoe_overflow_cross_hatched,
          gammafunk_temple_overflow_forgotten
D:4:      layout_rooms, grunt_gozag_statues, pdpol_wu_jian_five_deadly_venoms,
          serial_shops, shop
D:5:      layout_rooms, minmay_temple_entry_arrows, uniq_eustachio
D:6:      layout_basic, overflow_temple_1_default, nicolae_wooded_promenade,
          item_on_display_a
D:7:      layout_basic, minitemple, tgw_sif, mainiacjoe_overflow_big_doors,
          chequers_avenue, uniq_menkaure
D:8:      layout_loops_ring, xom_confusion_cloud, enter_bailey_8

Skill      XL: |  1  2  3  4  5  6  7  8  9 |
---------------+----------------------------+-----
Unarmed Combat | 4 5 6 7 8 9 |  9.5
Shapeshifting  | 4 5 6 |  6.7
Invocations    | 1 2 3 4 5 |  5.8
Fighting       | 2 3 4 |  4.8
Dodging        | 3 4 5 |  5.1

Action                     |  1- 3 |  4- 6 |  7- 9 || total
---------------------------+-------+-------+-------++-------
  Melee: Unarmed           |    71 |   120 |   141 ||   332
         Punch             |     1 |     4 |    14 ||    19
 Invoke: Heroism           |       |       |     4 ||     4
    Use: Scroll            |       |     4 |     4 ||     8
         Potion            |       |     1 |       ||     1
 Armour: Ring mail         |    40 |    72 |    73 ||   185
         Animal skin       |     1 |       |       ||     1
         Skin              |       |     2 |       ||     2
  Dodge: Dodged            |    32 |    87 |    76 ||   195

Table legend: (Time is in decaauts)
 A = Elapsed time spent in this place.
 B = Non-inter-level travel time spent in this place.
 C = Inter-level travel time spent in this place.
 D = Time resting spent in this place.
 E = Time spent auto-exploring this place.
 F = Levels seen in this place.
 G = Mean time per level.
                   A        B        C        D        E       F      G
               +--------+--------+--------+--------+--------+-----+--------+
         Total |   3106 |   3057 |     49 |     35 |   2204 |   8 |  388.2 |
       Dungeon |   3106 |   3057 |     49 |     35 |   2204 |   8 |  388.2 |
               +--------+--------+--------+--------+--------+-----+--------+

Top non-repeatable levels by time:
     D:7: 611 daAuts
     D:2: 606 daAuts
     D:6: 549 daAuts
     D:1: 512 daAuts
     D:4: 333 daAuts
     D:5: 247 daAuts
     D:8: 135 daAuts
     D:3: 110 daAuts
